 Dungeon Crawl Stone Soup version 0.29.0-4-gdea44cf6ec (webtiles) character file.

Game seed: 1083700643087615078

7 qw the Firebug (level 2, -2/23 HPs)
             Began as a Ghoul Fire Elementalist on Aug 29, 2022.
             Slain by a quokka (3 damage)
             ... on level 1 of the Dungeon.
             The game lasted 00:00:22 (630 turns).

qw the Firebug (Ghoul Fire Elementalist)             Turns: 630, Time: 00:00:23

Health: -2/23      AC:  2    Str: 11    XL:     2   Next: 4%
Magic:  3/3        EV: 12    Int: 10    God:
Gold:   0          SH:  0    Dex:  9    Spells: 3/4 levels left

rFire   . . .      SeeInvis .     - Unarmed
rCold   + . .      Faith    .   (no shield)
rNeg    + + +      Spirit   .   a - +0 robe
rPois   inf        Reflect  .   (no helmet)
rElec   .          Harm     .   (no cloak)
rCorr   .          Rampage  .   (no gloves)
Will    .....                   (no boots)
Stlth   ++........              (no amulet)
HPRegen 0.00/turn               (no ring)
MPRegen 0.08/turn               (no ring)

@: inhibited regen
A: claws 1, cold resistance 1, negative energy resistance 3, inhibited
regeneration, torment resistance 2, devour on kill
a: no special abilities


You were on level 1 of the Dungeon.
You visited 1 branch of the dungeon, and saw 1 of its levels.


Innate Abilities, Weirdness & Mutations

You are immune to poison.
You have sharp fingernails.
Your flesh is cold resistant. (rC+)
You are immune to negative energy. (rN+++)
You do not regenerate when monsters are visible.
You are immune to unholy pain and torment.
You thrive by killing the living.


   Skills:
 - Level 1.0 Fighting
 - Level 1.7 Dodging
 - Level 2.1 Stealth
 + Level 1.2 Unarmed Combat
 - Level 1.7 Spellcasting
 - Level 0.7 Conjurations
 - Level 2.4 Fire Magic


You had 3 spell levels left.
You knew the following spells:

 Your Spells              Type           Power      Damage    Failure   Level
a - Foxfire               Conj/Fire      16%        2x1d4     17%         1

Your spell library contained the following spells:

 Spells                   Type           Power      Damage    Failure   Level
 Scorch                   Fire           10%        2d5       19%         2
 Conjure Flame            Conj/Fire      4%         6-21      45%         3
 Inner Flame              Hex/Fire       3%         N/A       52%         3
 Flame Wave               Conj/Fire      4%         2d5       86%         4

Inventory:

Armour
 a - a +0 robe (worn)
Scrolls
 c - a scroll of identify {unknown}
 d - a scroll of teleportation {unknown}
 e - a scroll of amnesia {unknown}
Potions
 b - a potion of magic

Dungeon Overview and Level Annotations

Branches:
Dungeon (1/15)

Altars:


Message History

The quokka attacks as you move away! The quokka bites you.
The quokka bites you but does no damage.
619 ||| Stepping ~*~*~tactically~*~*~ (outnumbered).
You scratch the quokka but do no damage.
The hobgoblin hits you. The quokka barely misses you.
621 ||| Stepping ~*~*~tactically~*~*~ (outnumbered).
The hobgoblin attacks as you move away! The hobgoblin closely misses you.
622 ||| Stepping ~*~*~tactically~*~*~ (outnumbered).
The quokka attacks as you move away! The quokka bites you.
623 ||| Stepping ~*~*~tactically~*~*~ (outnumbered).
The hobgoblin attacks as you move away! The hobgoblin hits you.
The hobgoblin falls through a shaft!
The shaft crumbles and collapses.
The quokka bites you but does no damage.
You closely miss the quokka. The quokka misses you.
The ball python barely misses you. x2
You barely miss the quokka. The quokka bites you.
The ball python bites you but does no damage.
The ball python grabs you. The ball python constricts you.
You barely miss the ball python. The quokka barely misses you.
The ball python bites you. The ball python constricts you.
You scratch the ball python.
You kill the ball python!
You feel better. The quokka bites you.
Your Fighting skill increases to level 1!
You have reached level 2!
You scratch the quokka.
The quokka is almost dead.
The quokka bites you but does no damage.
The quokka bites you.
You barely miss the quokka. You claw the quokka, but do no damage.
The quokka is almost dead.
The quokka bites you.
You scratch the quokka but do no damage.
Your claw misses the quokka.
The quokka is almost dead.
The quokka bites you.
You die...

#### ...# ##...#
###### .# #..#
...... .# .#
...... .####.#
###########......
###...#
#.@r.............
###.}.#
#..%............
......#
##...........#####
..##.##
#...%.....).......
......#
#.#########%......
###.}.# ##.#
.)..... ###...#
#..# .....!.
.####.# ##%##
..!.... .# ##.#
###..# .......


You could see a quokka.

Vanquished Creatures
  A ball python (D:1)
  2 hobgoblins (D:1)
  A quokka (D:1)
  A goblin (D:1)
  A kobold (D:1)
  A rat (D:1)
7 creatures vanquished.

Notes
Turn   | Place    | Note
-------+----------+-------------------------------------------
     0 | D:1      | qw the Ghoul Fire Elementalist began the quest for the Orb.
     0 | D:1      | Reached XP level 1. HP: 14/14 MP: 2/2
     0 | D:1      | 0 ||| qw: Version: 0.1-a-90-g952f4b7
     0 | D:1      | 0 ||| qw: Game counter: 3990
     0 | D:1      | 0 ||| qw: Always use a shield: true
     0 | D:1      | 0 ||| qw: God list: Okawaru
     0 | D:1      | 0 ||| qw: Allow faded altars: false
     0 | D:1      | 0 ||| qw: Do Orc after D:15 true
     0 | D:1      | 0 ||| qw: Do second Lair branch before Depths: true
     0 | D:1      | 0 ||| qw: Lair rune preference: random
     0 | D:1      | 0 ||| qw: Plans: Normal
     0 | D:1      | 0 ||| PLANNING D:1-11
    23 | D:1      | 23 ||| Stepping ~*~*~tactically~*~*~ (stealth).
    24 | D:1      | 24 ||| Stepping ~*~*~tactically~*~*~ (stealth).
    45 | D:1      | 45 ||| Stepping ~*~*~tactically~*~*~ (stealth).
    62 | D:1      | 62 ||| Stepping ~*~*~tactically~*~*~ (stealth).
   229 | D:1      | HP: 1/14 [quokka (3)]
   233 | D:1      | Reached skill level 1 in Unarmed Combat
   611 | D:1      | 611 ||| Stepping ~*~*~tactically~*~*~ (stealth).
   617 | D:1      | 617 ||| Stepping ~*~*~tactically~*~*~ (outnumbered).
   618 | D:1      | 618 ||| Stepping ~*~*~tactically~*~*~ (outnumbered).
   619 | D:1      | 619 ||| Stepping ~*~*~tactically~*~*~ (outnumbered).
   621 | D:1      | 621 ||| Stepping ~*~*~tactically~*~*~ (outnumbered).
   622 | D:1      | 622 ||| Stepping ~*~*~tactically~*~*~ (outnumbered).
   623 | D:1      | 623 ||| Stepping ~*~*~tactically~*~*~ (outnumbered).
   627 | D:1      | HP: 3/15 [quokka (2)]
   628 | D:1      | Reached skill level 1 in Fighting
   628 | D:1      | Reached XP level 2. HP: 4/23 MP: 3/3
   629 | D:1      | HP: 1/23 [quokka (1)]
   630 | D:1      | Slain by a quokka

Levels and vault maps discovered:
D:1:      dpeg_arrival_chambers_temple_mockup, layout_basic

Skill      XL: |  1 |
---------------+----+-----
Unarmed Combat | 1 |  1.2
Fighting       | 1 |  1.0
Dodging        | |  1.7
Stealth        | |  2.1
Spellcasting   | |  1.7
Conjurations   | |  0.7
Fire Magic     | |  2.4

Action                   || total
-------------------------++-------
Melee: Unarmed           ||    35
       Punch             ||     1
Armor: Robe              ||     4
Dodge: Dodged            ||    20

Table legend:
 A = Non-vault XP
 B = Vault XP
 C = Vault XP percentage of total XP
 D = Non-vault monster count
 E = Vault monster count
 F = Vault count percentage of total count
                 A         B        C        D         E       F
            +---------+---------+-------+---------+---------+-------
      Total |      11 |       0 |   0.0 |       7 |       0 |   0.0
            +---------+---------+-------+---------+---------+-------
        D:1 |      11 |       0 |   0.0 |       7 |       0 |   0.0
            +---------+---------+-------+---------+---------+-------
